 Dungeon Crawl Stone Soup version 0.27-a0-1272-g7c8ad2e407 (webtiles) character file.

Game seed: 566768191311334509

3862 Bnni the Frost Mage (level 10, -1/69 HPs)
             Began as an Octopode Ice Elementalist on June 11, 2021.
             Was an Initiate of Gozag.
             Slain by a komodo dragon (21 damage)
             ... on level 8 of the Dungeon.
             The game lasted 00:46:36 (8783 turns).

Bnni the Frost Mage (Octopode Ice Elementalist)     Turns: 8783, Time: 00:46:40

Health: -1/69      AC: 11    Str:  9    XL:     10   Next: 18%
Magic:  11/19      EV: 13    Int: 20    God:    Gozag
Gold:   1673       SH: 10    Dex: 12    Spells: 10/21 levels left

rFire    . . .     SeeInvis .   t - staff of cold
rCold    + . .     Faith    .   e - +0 buckler {reflect}
rNeg     . . .     Spirit   .   (helmet restricted)
rPois    .         Reflect  +   x - amulet of reflection
rElec    .         Harm     .   r - ring of resist corrosion
rCorr    +         Rampage  .   (no ring)
Will     .....                  (no ring)
Stlth    +++.......             (no ring)
HPRegen  0.21/turn              (no ring)
MPRegen  0.16/turn              (no ring)
                                (no ring)
                                (no ring)

@: ice-armoured, freezing walls
A: almost no armour, amphibious, 8 rings, camouflage 1, gelatinous body 1,
(nimble swimmer 1), tentacles
a: Renounce Religion, Potion Petition, Call Merchant, Bribe Branch


You were on level 8 of the Dungeon.
You worshipped Gozag.
Gozag was most pleased with you.
You visited 2 branches of the dungeon, and saw 9 of its levels.

You collected 1755 gold pieces.
You paid 82 gold pieces to Gozag.

Inventory:

Hand Weapons
 a - a +1 dagger of venom
 p - a +1 dagger of draining
Missiles
 s - 23 poisoned darts
 D - a curare-tipped dart
Armour
 e - a +0 buckler of reflection (worn)
Magical Staves
 t - a staff of cold (weapon)
Jewellery
 r - a ring of resist corrosion (left tentacle)
 x - an amulet of reflection (around mantle)
Wands
 g - a wand of charming (1)
 m - a wand of polymorph (7)
 z - a wand of flame (14)
Scrolls
 b - 2 scrolls of blinking
 f - 2 scrolls of teleportation
 i - a scroll of vulnerability
 k - a scroll of holy word {unknown}
 n - a scroll of brand weapon {unknown}
 q - 2 scrolls of amnesia {unknown}
 u - 2 scrolls of magic mapping {unknown}
 v - a scroll of silence {unknown}
 w - a scroll of immolation {unknown}
 y - 2 scrolls of identify
 B - a scroll of fear {unknown}
Potions
 c - 3 potions of flight
 d - 2 potions of lignification
 h - a potion of might {unknown}
 j - 2 potions of magic
 l - 3 potions of berserk rage
 o - 2 potions of curing
 A - a potion of degeneration {unknown}
 C - a potion of brilliance {unknown}


   Skills:
 + Level 6.7 Fighting
 - Level 2.0 Dodging
 - Level 3.0 Stealth
 - Level 4.0 Shields
 + Level 6.3 Spellcasting
 - Level 3.0 Conjurations
 * Level 10.1 Ice Magic


You had 10 spell levels left.
You knew the following spells:

 Your Spells              Type           Power      Damage    Failure   Level
a - Freeze                Ice            100%       1d11      1%          1
b - Frozen Ramparts       Ice            100%       1d12      1%          3
c - Ozocubu's Armour      Ice            63%        N/A       1%          3
d - Hailstorm             Conj/Ice       49%        3d11      7%          4

Your spell library contained the following spells:

 Spells                   Type           Power      Damage    Failure   Level
 Beastly Appendage        Tmut           12%        N/A       10%         1
 Ice Form                 Ice/Tmut       40%        N/A       12%         4
 Wereblood                Tmut           6%         N/A       16%         2
 Spider Form              Tmut/Pois      3%         N/A       30%         3
 Metabolic Englaciation   Hex/Ice        20%        N/A       34%         5


Dungeon Overview and Level Annotations

Branches:
Dungeon (8/15)             Temple (1/1) D:6            Lair (0/6) D:8

Altars:
Fedhas
Gozag
Qazlal
Ru
Trog
Uskayaw
Yredelemnul

Shops:
D:8 (


Innate Abilities, Weirdness & Mutations

You cannot wear most types of armour.
You are amphibious.
You can wear up to eight rings at the same time.
Your skin changes colour to match your surroundings (Stealth+).
Your rubbery body absorbs attacks. (AC +1, EV +1)
((You are camouflaged near water. (Stealth+)))
You have tentacles for arms and can constrict up to eight enemies at once.


Message History

Things that are here:
a +0 mace; a +0 ring mail A komodo dragon is nearby!
You strike the helpless komodo dragon from behind!
You hit the komodo dragon but do no damage.
You freeze the komodo dragon.
The komodo dragon is lightly wounded.
You block the komodo dragon's attack. The komodo dragon bites you!!
Casting: Freeze (safe; 1% risk of failure)
Confirm with . or Enter, or press ? or * to list all spells.
You feel a surge of power! A film of ice covers your body!
The komodo dragon bites you!!
* * * LOW HITPOINT WARNING * * *
Casting: Ozocubu's Armour (safe; 1% risk of failure)
Confirm with . or Enter, or press ? or * to list all spells.
Casting: Frozen Ramparts (safe; 1% risk of failure)
Press: ? - help, Dir - look around, f - activate You feel a surge of power!
The walls around you are covered in ice.
The wall freezes the komodo dragon!
The komodo dragon seems to slow down.
You block the komodo dragon's attack.
Casting: Frozen Ramparts (safe; 1% risk of failure)
Confirm with . or Enter, or press ? or * to list all spells.
Aiming: Freeze (safe; 1% risk of failure)
Press: ? - help, Shift-Dir - straight line, f - komodo dragon
Aim: a komodo dragon (moderately wounded, slow)
You feel a surge of power!
You freeze the komodo dragon.
The komodo dragon is heavily wounded.
The komodo dragon seems to slow down.
Casting: Freeze (safe; 1% risk of failure)
Confirm with . or Enter, or press ? or * to list all spells.
Aiming: Freeze (safe; 1% risk of failure)
Press: ? - help, Shift-Dir - straight line, f/p - komodo dragon
Aim: a komodo dragon (heavily wounded, slow)
You feel a surge of power!
You freeze the komodo dragon!
The komodo dragon is severely wounded.
The komodo dragon seems to slow down.
The wall freezes the komodo dragon!
The komodo dragon seems to slow down.
The komodo dragon bites you!!
You die...
Your body crumbles into a pile of gold.

..........# #.#.#.#.##.#
....[#########.#...)..#.#
...................#..#.#
.##............#.#.#..#.#
.###.###########.#.#..#.# .....#
#.#.#..#.#
################.#..###.#
.................#......#########
................@l..P..P.........
#############.#####.....P...##.##
#.# ##.P.P....P......
#.###..........P.....
#.#..P.......P..P....
#.#.........P.P......
#.......P............
##.......P...P.....##
#..P......P.......#


You could see a komodo dragon (slow).

Vanquished Creatures
  Pikel (D:5)
  A komodo dragon (D:8)
  2 wyverns (D:8)
  3 steam dragons
  2 water moccasins (D:8)
  2 orc warriors (D:8)
  2 black bears (D:4)
  An ogre (D:6)
  A centaur (D:4)
  3 kobold brigands
  9 bullfrogs
  3 scorpions
  2 wights (D:6)
  A howler monkey (D:6)
  4 orc priests
  4 hounds
  2 iguanas (D:5)
  5 orc wizards
  3 hound skeletons
  A howler monkey zombie (D:8)
  6 adders
  2 shadow imps
  A white imp (D:6)
  A worm (D:2)
  3 dart slugs
  29 orcs
  5 ball pythons
  8 endoplasms
  5 giant cockroaches
  5 goblins
  9 hobgoblins
  12 jackals
  5 quokkas
  3 bats (D:2)
  3 frilled lizards
  16 kobolds
  6 rats
171 creatures vanquished.

Vanquished Creatures (others)
  2 wights (D:6)
  46 fungi (D:8)
  49 plants (D:8)
97 creatures vanquished.

Grand Total: 268 creatures vanquished

Notes
Turn   | Place    | Note
-------+----------+-------------------------------------------
     0 | D:1      | Bnni the Octopode Ice Elementalist began the quest for the
                  | Orb.
     0 | D:1      | Reached XP level 1. HP: 11/11 MP: 3/3
   484 | D:1      | Reached XP level 2. HP: 18/18 MP: 5/5
  1093 | D:1      | Reached skill level 1 in Fighting
  1339 | D:2      | Reached XP level 3. HP: 12/23 MP: 4/6
  1509 | D:2      | Learned a level 3 spell: Frozen Ramparts
  1627 | D:2      | Reached skill level 1 in Shields
  1954 | D:2      | Reached XP level 4. HP: 19/28 MP: 2/7
  2124 | D:2      | You fall into a shaft and drop 2 floors!
  2595 | D:3      | Learned a level 3 spell: Ozocubu's Armour
  2601 | D:3      | Reached XP level 5. HP: 34/34 MP: 8/8
  3257 | D:3      | Found a blossoming altar of Fedhas.
  3508 | D:3      | Reached skill level 5 in Ice Magic
  3703 | D:4      | Noticed a black bear
  3718 | D:4      | Killed a black bear
  3719 | D:4      | Reached XP level 6. HP: 7/41 MP: 0/10
  3988 | D:4      | Learned a level 4 spell: Hailstorm
  4285 | D:4      | Found a bloodstained altar of Trog.
  4305 | D:4      | Noticed a black bear
  4313 | D:4      | Killed a black bear
  4314 | D:4      | Reached XP level 7. HP: 45/45 MP: 2/11
  4434 | D:4      | Reached skill level 6 in Ice Magic
  4737 | D:5      | Entered Level 5 of the Dungeon
  4737 | D:5      | Noticed Pikel
  4746 | D:5      | Killed Pikel
  4747 | D:5      | Reached skill level 7 in Ice Magic
  4747 | D:5      | Reached XP level 8. HP: 22/54 MP: 4/14
  5381 | D:5      | Reached skill level 1 in Conjurations
  5902 | D:6      | Identified a scroll of acquirement
  5902 | D:6      | Acquired 1162 gold pieces
  6204 | D:6      | Acquired a staff of cold
  6229 | D:6      | Reached skill level 5 in Fighting
  6229 | D:6      | Reached skill level 8 in Ice Magic
  6229 | D:6      | Reached XP level 9. HP: 56/61 MP: 13/16
  6243 | D:6      | Reached skill level 5 in Spellcasting
  6596 | D:6      | Found a staircase to the Ecumenical Temple.
  6607 | Temple   | Entered the Ecumenical Temple
  6691 | Temple   | Became a worshipper of Gozag Ym Sagoz the Greedy
  7166 | D:7      | You fall into a shaft and drop 1 floor!
  7287 | D:8      | Reached skill level 9 in Ice Magic
  7304 | D:8      | Noticed a komodo dragon
  7316 | D:8      | Killed a komodo dragon
  7585 | D:8      | Noticed a komodo dragon
  7793 | D:8      | Reached XP level 10. HP: 67/69 MP: 15/19
  7959 | D:8      | Found a staircase to the Lair.
  8104 | D:8      | Reached skill level 10 in Ice Magic
  8388 | D:8      | Found Avoacko's Weapon Emporium.
  8593 | D:8      | Identified the +7 dagger "Uxtuczamp" {vamp, Contam rC+
                  | Int+3}
  8783 | D:8      | Slain by a komodo dragon

Illustrated notes

Levels and vault maps discovered:
D:1:      dpeg_arrival_line_fractal, layout_rooms, ebering_ecumenical_altar_mist
D:2:      layout_rooms
D:3:      layout_rooms, lemuel_doored_altar, grunt_decor_clamped,
          minmay_crystal_water, supply_closet_lemuel, hangedman_decor_lopped,
          chequers_serial_rivers_micro_c
D:4:      cheibrodos_thug_alley, layout_rooms, trog_ov_bears_minmay
D:5:      minmay_inner_zag, layout_basic, uniq_pikel
D:6:      layout_loops_ring, temple_statues
D:7:      layout_basic, uniq_crazy_yiuf_cottage
D:8:      layout_basic, due_lair_maze_entry_diamond, enter_bailey_6,
          serial_shops, kennysheep_mini_moat, kennysheep_generic_room_2
Temple:   nicolae_temple_figure_eight

Skill      XL: |  1  2  3  4  5  6  7  8  9 10 |
---------------+-------------------------------+-----
Fighting       | 1 2 4 5 6 |  6.7
Shields        | 1 2 3 4 |  4.0
Ice Magic      | 5 7 8 9 10 | 10.1
Spellcasting   | 3 4 6 |  6.3
Stealth        | 3 |  3.0
Conjurations   | 2 3 |  3.0
Dodging        | |  2.0

Action                   |  1- 3 |  4- 6 |  7- 9 | 10-12 || total
-------------------------+-------+-------+-------+-------++-------
Melee: Unarmed           |    10 |       |       |       ||    10
       Dagger            |    63 |    88 |    77 |       ||   228
       Constrict         |    20 |    24 |    24 |     6 ||    74
       Tentacles         |    12 |    22 |    14 |     4 ||    52
       Staff             |       |       |    52 |    19 ||    71
Throw: Throwing net      |       |       |     2 |       ||     2
 Cast: Freeze            |    13 |     9 |    48 |    13 ||    83
       Frozen Ramparts   |     1 |    10 |    14 |     5 ||    30
       Ozocubu's Armour  |       |     2 |     6 |     4 ||    12
Evoke: Wand              |       |       |     4 |       ||     4
  Use: Scroll            |       |     4 |     5 |       ||     9
       Potion            |       |       |     3 |       ||     3
 Stab: Sleeping          |     7 |     3 |     7 |     1 ||    18
       Held in net/web   |       |       |     1 |       ||     1
       Distracted        |       |       |       |     2 ||     2
Armor: Skin              |     7 |     5 |    38 |     3 ||    53
Dodge: Dodged            |    53 |    44 |    68 |    10 ||   175
Block: Buckler           |     4 |    19 |    52 |    15 ||    90
       Reflection        |       |     1 |       |     1 ||     2

Table legend: (Time is in decaauts)
 A = Elapsed time spent in this place.
 B = Non-inter-level travel time spent in this place.
 C = Inter-level travel time spent in this place.
 D = Time resting spent in this place.
 E = Time spent auto-exploring this place.
 F = Levels seen in this place.
 G = Mean time per level.
                   A        B        C        D        E       F      G
               +--------+--------+--------+--------+--------+-----+--------+
         Total |   8810 |   8580 |    230 |   2162 |   5130 |   9 |  978.9 |
       Dungeon |   8705 |   8494 |    211 |   2162 |   5053 |   8 | 1088.1 |
        Temple |    104 |     85 |     19 |      0 |     77 |   1 |  104.0 |
               +--------+--------+--------+--------+--------+-----+--------+

Top non-repeatable levels by time:
     D:3: 1649 daAuts
     D:8: 1631 daAuts
     D:1: 1463 daAuts
     D:6: 1034 daAuts
     D:5: 965 daAuts
     D:4: 898 daAuts
     D:2: 734 daAuts
     D:7: 327 daAuts
  Temple: 104 daAuts
